[Event "ICC tourney 1953 (60 10)"]
[Site "Internet Chess Club"]
[Date "2020.08.08"]
[Round "4"]
[White "Yoes"]
[Black "kurumania"]
[Result "1-0"]
[ICCResult "Black resigns"]
[WhiteElo "2754"]
[BlackElo "2506"]
[Opening "King's Indian, 3.Nf3"]
[ECO "E60"]
[NIC "KI.80"]
[Time "12:07:36"]
[TimeControl "3600+10"]

1. d4 Nf6 2. c4 g6 3. Nf3 Bg7 4. e3 O-O 5. Be2 c5 6. d5 e6 7. Nc3 exd5 8.
cxd5 d6 9. Nd2 Na6 10. O-O Nc7 11. e4 Nfe8 12. a4 f5 13. Nc4 fxe4 14. Nxe4
Rf5 15. Ne3 Rf4 16. f3 Kh8 17. Kh1 b6 18. Bd2 Bb7 19. Bc3 Bxc3 20. bxc3 Nf6
21. Qd2 Qe7 22. Nxf6 Qxf6 23. g3 Re8 24. gxf4 Qxf4 25. c4 Qxe3 26. Qxe3 Rxe3
27. Rfe1 Kg8 28. Kg1 Kf7 29. Kf2 Rc3 30. Rec1 Rxc1 31. Rxc1 Na6 32. Ke3 Nb4
33. Kd2 a5 34. Re1 Bc8 35. Bd1 Bd7 36. f4 Kf6 37. h4 Kf7 38. h5 Kf6 39. h6
Kf7 40. Rg1 Kf8 41. Rg3 Kf7 42. Bg4 Bxa4 43. Re3 b5 44. Be6+ Kf8 45. Bd7
{Black resigns}
1-0

[Event "ICC tourney 1953 (60 10)"]
[Site "Internet Chess Club"]
[Date "2020.08.08"]
[Round "4"]
[White "largecrab"]
[Black "BrainOnFire"]
[Result "1-0"]
[ICCResult "Black resigns"]
[WhiteElo "2216"]
[BlackElo "2076"]
[Opening "Giuoco Piano"]
[ECO "C54"]
[NIC "IG.02"]
[Time "12:07:36"]
[TimeControl "3600+10"]

1. e4 e5 2. Nf3 Nc6 3. Bc4 Bc5 4. c3 Nf6 5. d3 d6 6. O-O O-O 7. Bg5 h6 8.
Bh4 g5 9. Nxg5 hxg5 10. Bxg5 Kg7 11. Qf3 Rh8 12. Nd2 Be6 13. Bd5 Kg6 14. h4
Rh5 15. b4 Bb6 16. a4 a6 17. a5 Ba7 18. b5 Bxd5 19. exd5 Nb8 20. Ne4 Nbd7
21. bxa6 bxa6 22. g4 Rxg5 23. Nxg5 Qh8 24. Qf5+ Kg7 25. h5 Rg8 26. Kg2 Kf8
27. f3 Qh6 28. Ne4 Qxh5 29. Qxh5 Nxh5 30. Rfb1 Nf4+ 31. Kg3 Nxd5 32. Rb7 Bb8
33. Nxd6 cxd6 34. Rxd7 Nxc3 35. Rh1 Kg7 36. Rh5 Kg6 37. Kh4 f6 38. Rdh7 Rg7
39. Rh8 Bc7 40. Ra8 Bxa5 41. f4 Bb6 42. f5+ Kf7 43. Rhh8 a5 44. Kg3 a4 45.
Rab8 Nd5 46. Rb7+ Bc7 47. Kf3 Ke7 48. Ke4 Nc3+ 49. Kf3 Kd7 50. Ra8 d5 51.
Raa7 Kc6 52. g5 e4+ 53. Kf2 fxg5 54. f6 Rf7 55. Rxc7+ Rxc7 56. Rxc7+ Kxc7
57. f7 a3 58. f8=Q a2 59. Qc5+ Kd7 60. Qxc3 Ke6 61. dxe4 dxe4 62. Ke3 Kd5
63. Qd4+ Kc6 64. Qxe4+ Kb5 65. Qd4 {Black resigns} 1-0

[Event "ICC tourney 1953 (60 10)"]
[Site "Internet Chess Club"]
[Date "2020.08.08"]
[Round "4"]
[White "erickzhao"]
[Black "Enamul"]
[Result "1/2-1/2"]
[ICCResult "Game drawn by mutual agreement"]
[WhiteElo "2272"]
[BlackElo "2439"]
[Opening "Sicilian: Kan, Maróczy bind (Réti variation)"]
[ECO "B41"]
[NIC "SI.41"]
[Time "12:07:44"]
[TimeControl "3600+10"]

1. e4 c5 2. Nf3 e6 3. d4 cxd4 4. Nxd4 a6 5. c4 Nf6 6. Nc3 Qc7 7. Bd3 Nc6 8.
Be3 Nxd4 9. Bxd4 Bc5 10. Bxf6 gxf6 11. Qg4 Qe5 12. f4 Qd4 13. O-O-O Bb4 14.
Kc2 b5 15. Be2 Qe3 16. Rd3 Qc5 17. Qg7 Rf8 18. Qxf6 Bb7 19. Rd4 Rg8 20. Rhd1
Bxc3 21. Kxc3 Bc6 22. g3 a5 23. f5 e5 24. Rd5 Bxd5 25. Qxe5+ Kd8 26. Qxd5
b4+ 27. Kc2 Qxd5 28. Rxd5 Ra6 29. Bh5 f6 30. Kb3 Ke7 31. Ka4 Rc8 32. Be2 d6
33. g4 Rc5 34. Rd3 Ra7 35. Rg3 Kf8 36. Kb3 Rb7 37. Kc2 a4 38. Kd2 Re7 39.
Kd3 Rce5 40. Re3 {Game drawn by mutual agreement} 1/2-1/2

[Event "ICC tourney 1953 (60 10)"]
[Site "Internet Chess Club"]
[Date "2020.08.08"]
[Round "4"]
[White "Bo002"]
[Black "musk6868"]
[Result "1-0"]
[ICCResult "Black resigns"]
[WhiteElo "2222"]
[BlackElo "2016"]
[Opening "Catalan opening"]
[ECO "E00"]
[NIC "CA.01"]
[Time "12:07:41"]
[TimeControl "3600+10"]

1. d4 Nf6 2. c4 e6 3. g3 Bb4+ 4. Nd2 c5 5. Nf3 b6 6. Bg2 Bb7 7. a3 Bxd2+ 8.
Qxd2 O-O 9. O-O d6 10. b4 Nbd7 11. Bb2 Qc7 12. Rfd1 Rfd8 13. dxc5 dxc5 14.
b5 Ne4 15. Qc2 f6 16. Ne1 Ng5 17. h4 Nf7 18. Bh3 Nf8 19. Ng2 Rd6 20. Rxd6
Nxd6 21. a4 a5 22. Rd1 Rd8 23. Nf4 Qe7 24. Bg2 Bxg2 25. Kxg2 Kf7 26. h5 Rd7
27. h6 g5 28. Nh5 Ne8 29. Rf1 Qd6 30. Bc3 e5 31. f4 exf4 32. gxf4 Qe6 33.
fxg5 Qg4+ 34. Ng3 Qxg5 35. Qf5 Qxh6 36. Qe4 Qg6 37. Qc6 Re7 38. Kf2 Qg5 39.
Qf3 Ng6 40. Nf5 Re6 41. Rh1 Kg8 42. Rg1 Rxe2+ 43. Qxe2 Qxf5+ 44. Qf3 Qxf3+
45. Kxf3 Kf7 46. Rh1 Nf8 47. Rd1 Ke7 48. Re1+ Kf7 49. Ke4 Ke6 50. Kd3+ Kf7
51. Rh1 Kg6 52. Ke4 h5 53. Kd5 Kg5 54. Kc6 Kg4 55. Kxb6 Nd7+ 56. Kc6 Ne5+
57. Bxe5 fxe5 58. Kxc5 Nf6 59. b6 h4 60. b7 Nd7+ 61. Kc6 Nb8+ 62. Kc7 Na6+
63. Kc8 h3 64. b8=Q Nxb8 65. Kxb8 Kg3 66. c5 Kg2 67. Ra1 h2 68. c6 h1=Q 69.
Rxh1 Kxh1 70. c7 Kg2 71. c8=Q {Black resigns} 1-0

[Event "ICC tourney 1953 (60 10)"]
[Site "Internet Chess Club"]
[Date "2020.08.08"]
[Round "4"]
[White "Falstaf"]
[Black "sathviks"]
[Result "1-0"]
[ICCResult "Black resigns"]
[WhiteElo "2675"]
[BlackElo "2199"]
[Opening "King's Indian: London system"]
[ECO "A48"]
[NIC "QP.03"]
[Time "12:08:16"]
[TimeControl "3600+10"]

1. d4 Nf6 2. Nf3 g6 3. Bf4 Bg7 4. c3 O-O 5. Nbd2 d6 6. e4 Nbd7 7. Qc2 Re8 8.
h3 e5 9. dxe5 Nxe5 10. Nxe5 dxe5 11. Be3 Nh5 12. g3 Be6 13. Be2 Nf6 14. Kf1
Qe7 15. Kg2 Nd7 16. Bg4 Bxg4 17. hxg4 Rad8 18. g5 a5 19. a4 Nf8 20. Qb3 b6
21. Qc4 Ne6 22. Nf3 Rd6 23. Rh4 Nf8 24. b4 Qd7 25. bxa5 bxa5 26. Qb5 Qxb5
27. axb5 Ra8 28. Rhh1 Rd3 29. Rhc1 Ne6 30. Kf1 a4 31. Ke2 Rdd8 32. Ra2 Ra5
33. c4 Rda8 34. Kd3 f5 35. gxf6 Bxf6 36. Kc2 g5 37. g4 Kf7 38. Rd1 Ke7 39.
Rh1 Rh8 40. Kc3 h6 41. Kb4 Raa8 42. Rxa4 Bg7 43. Rxa8 Rxa8 44. Rd1 Rd8 45.
Rxd8 Kxd8 46. c5 Kd7 47. c6+ Kd6 48. Kc4 Bf6 49. Ne1 Nd4 50. Bxd4 exd4 51.
Nd3 {Black resigns} 1-0

[Event "ICC tourney 1953 (60 10)"]
[Site "Internet Chess Club"]
[Date "2020.08.08"]
[Round "4"]
[White "tigeriz"]
[Black "Venom2020"]
[Result "1/2-1/2"]
[ICCResult "Game drawn by mutual agreement"]
[WhiteElo "2382"]
[BlackElo "2122"]
[Opening "Sicilian: accelerated fianchetto, Breyer variation"]
[ECO "B39"]
[NIC "SI.33"]
[Time "12:07:24"]
[TimeControl "3600+10"]

1. e4 c5 2. Nf3 Nc6 3. d4 cxd4 4. Nxd4 g6 5. c4 Bg7 6. Be3 Nf6 7. Nc3 Ng4 8.
Qxg4 Nxd4 9. Qd1 Ne6 10. Be2 Bxc3+ 11. bxc3 Qc7 12. O-O d6 13. f4 f6 14. Rb1
Nc5 15. Bf3 Be6 16. Qd4 O-O 17. e5 Rad8 18. Bd5 b6 19. Bxe6+ Nxe6 20. Qd5
Qc8 21. exf6 Rxf6 22. f5 gxf5 23. Rxf5 Rxf5 24. Qxf5 Ng7 25. Qg5 Qf5 26. Re1
Qxg5 27. Bxg5 Rc8 28. Rxe7 Rxc4 29. Bf6 Nh5 30. Bd4 Ra4 31. Rd7 Rxa2 32.
Rd8+ Kf7 33. Rxd6 Ke7 34. Rh6 Nf4 35. Rxh7+ Ke6 36. Rg7 Ne2+ 37. Kf1 Nxd4
38. cxd4 Kd5 39. Rd7+ Kc6 40. Rd8 a5 41. h4 a4 42. h5 a3 43. h6 Ra1+ 44. Kf2
Rh1 45. Ra8 Rxh6 46. Rxa3 Kd5 {Game drawn by mutual agreement} 1/2-1/2

[Event "ICC tourney 1953 (60 10)"]
[Site "Internet Chess Club"]
[Date "2020.08.08"]
[Round "4"]
[White "espark"]
[Black "SAO"]
[Result "0-1"]
[ICCResult "White resigns"]
[WhiteElo "2301"]
[BlackElo "2600"]
[Opening "French: Steinitz, Boleslavsky variation"]
[ECO "C11"]
[NIC "FR.04"]
[Time "12:07:48"]
[TimeControl "3600+10"]

1. e4 e6 2. d4 d5 3. Nc3 Nf6 4. e5 Nfd7 5. f4 c5 6. Nf3 Nc6 7. Be3 a6 8. Qd2
b5 9. dxc5 Bxc5 10. Bd3 Qb6 11. Bxc5 Nxc5 12. Qf2 b4 13. Ne2 a5 14. O-O Ba6
15. Rad1 Ne7 16. Kh1 Na4 17. b3 Qxf2 18. Rxf2 Nc5 19. Bxa6 Rxa6 20. a4 Ne4
21. Rff1 Nf5 22. Rc1 Kd7 23. Ned4 g6 24. Rfe1 Rc8 25. Kg1 h5 26. Rcd1 Nc3
27. Rd2 Ra7 28. Rd3 Nxd4 29. Nxd4 Rac7 30. Rd2 Ke7 31. Rd3 Ne4 32. Re2 f6
33. exf6+ Kxf6 34. h4 Ke7 35. g3 Rc3 36. Kg2 Kf6 37. Kh2 R8c5 38. Kg2 e5 39.
fxe5+ Kxe5 40. Nf3+ Kf5 41. Kh3 Kf6 42. Nd4 Kf7 43. Kg2 Rc8 44. Ree3 Rxc2+
45. Nxc2 Rxc2+ 46. Kf1 Ke6 47. Rd1 Ke5 48. Red3 d4 49. Kg1 Nc3 50. R1d2 Rxd2
51. Rxd2 Ke4 52. Kf2 d3 53. Ke1 Ke3 54. g4 Ne4 55. gxh5 Nxd2 56. h6 Ne4 57.
h7 d2+ {White resigns} 0-1

[Event "ICC tourney 1953 (60 10)"]
[Site "Internet Chess Club"]
[Date "2020.08.08"]
[Round "4"]
[White "JULIANESTRADA"]
[Black "Plato"]
[Result "1/2-1/2"]
[ICCResult "Game drawn by mutual agreement"]
[WhiteElo "2310"]
[BlackElo "2119"]
[Opening "Sicilian defense"]
[ECO "B40"]
[NIC "SI.43"]
[Time "12:07:27"]
[TimeControl "3600+10"]

1. e4 c5 2. Nf3 e6 3. c3 d5 4. exd5 exd5 5. d4 Nc6 6. Bb5 Bd6 7. dxc5 Bxc5
8. O-O Ne7 9. Nbd2 O-O 10. Nb3 Bd6 11. Re1 Bg4 12. Be2 Bc7 13. Nbd4 a6 14.
Be3 Qd6 15. g3 Qd7 16. Nxc6 Nxc6 17. Nd4 Bxe2 18. Qxe2 Rfe8 19. Nxc6 Qxc6
20. Rad1 Rad8 21. Qf3 h6 22. Bd4 Bb6 23. Bxb6 Qxb6 24. Rxe8+ Rxe8 25. b3 Qg6
26. Kg2 Qc2 27. Rxd5 Qxa2 28. c4 Qe2 29. Qxe2 Rxe2 30. Rd8+ Kh7 31. Rd7 b5
32. cxb5 axb5 33. Rd5 b4 34. Rd4 Kg6 35. Kf3 Rb2 36. Rxb4 Kf6 37. h4 h5 38.
Rb7 g6 39. b4 Ke6 40. Ke3 Rb3+ 41. Kf4 Rb2 42. f3 Rb3 43. Ke4 Kf6 44. Rb6+
Ke7 45. b5 Rb4+ 46. Ke5 Rb3 47. Rb7+ Ke8 48. Kf4 Rb4+ 49. Kg5 Rb3 50. Kf4
Rb4+ 51. Ke3 Rb3+ 52. Ke4 Rb4+ 53. Kd5 Rb3 54. Kd6 Rd3+ 55. Kc6 Rxf3 56.
Rb8+ Ke7 57. b6 Rc3+ 58. Kb5 Kd7 59. Ka6 Ra3+ 60. Kb7
{Game drawn by mutual agreement}
1/2-1/2

[Event "ICC tourney 1953 (60 10)"]
[Site "Internet Chess Club"]
[Date "2020.08.08"]
[Round "4"]
[White "Sparta250"]
[Black "superind"]
[Result "0-1"]
[ICCResult "White resigns"]
[WhiteElo "2691"]
[BlackElo "2573"]
[Opening "Sicilian: Najdorf, Byrne (English) attack"]
[ECO "B90"]
[NIC "SI.14"]
[Time "12:08:16"]
[TimeControl "3600+10"]

1. e4 c5 2. Nf3 d6 3. d4 cxd4 4. Nxd4 Nf6 5. Nc3 a6 6. Be3 e6 7. Be2 Be7 8.
f4 Qc7 9. O-O O-O 10. a4 Nc6 11. Kh1 Nxd4 12. Qxd4 e5 13. Qd3 exf4 14. Bxf4
Be6 15. Qg3 Kh8 16. e5 dxe5 17. Bxe5 Qc8 18. Ne4 Ne8 19. Rf4 Qxc2 20. Bd3
Qc6 21. Ng5 Bxg5 22. Qxg5 f6 23. Qh5 Bg8 24. Bc3 Qd5 25. Qh3 Rd8 26. Rd4
Qxd4 27. Bxd4 Rxd4 28. Qe3 Rd8 29. Rc1 Nd6 30. h3 Rfe8 31. Qb6 Bd5 32. Kh2
Rd7 33. Rc7 Nc8 34. Qc5 Rxc7 35. Qxc7 Ne7 36. b4 Ng8 37. Qd6 Re5 38. Qf8 Re3
39. Bf1 Re5 40. Kg1 h5 41. Qc8 Kh7 42. Bd3+ g6 43. Kf2 Kg7 44. Qc7+ Re7 45.
Qg3 Be4 46. Bc4 Re5 47. Qc3 Ne7 48. Qd4 Bc6 49. Qb6 Bxa4 50. Qxb7 Bb5 51.
Bb3 h4 52. Bd1 g5 53. Bg4 Kf8 54. Qb8+ Kg7 55. Qc7 Kf8 56. Bf3 Kf7 57. Bb7
Kg7 58. Qb6 Re2+ 59. Kf3 Ng6 60. Qxb5 axb5 61. Kxe2 Nf4+ 62. Ke3 Kf7 63. Kd4
Ne6+ 64. Kd5 Ke7 65. Bc6 Nc7+ 66. Kc5 f5 67. Bf3 Ne6+ 68. Kd5 Kf6 69. Kd6
Nd4 70. Bd1 g4 71. Kd5 Ne6 72. hxg4 Nf4+ 73. Kc5 Nxg2 74. gxf5 h3 75. Bf3
Kxf5 76. Kxb5 Kf4 77. Bc6 Kg3 78. Ka6 h2 79. b5 h1=Q 80. b6 Qa1+ 81. Kb5 Nf4
82. b7 Qa7 {White resigns} 0-1

[Event "ICC tourney 1953 (60 10)"]
[Site "Internet Chess Club"]
[Date "2020.08.08"]
[Round "4"]
[White "MasterZachary"]
[Black "Aleksandrov73"]
[Result "1/2-1/2"]
[ICCResult "Game drawn by repetition"]
[WhiteElo "2316"]
[BlackElo "2695"]
[Opening "Giuoco Piano"]
[ECO "C54"]
[NIC "IG.02"]
[Time "12:07:44"]
[TimeControl "3600+10"]

1. e4 e5 2. Nf3 Nc6 3. Bc4 Bc5 4. c3 Nf6 5. d3 d6 6. Nbd2 O-O 7. Nf1 a6 8.
a4 d5 9. exd5 Nxd5 10. Ng3 Kh8 11. O-O f6 12. Re1 Ba7 13. a5 Nde7 14. h3 Ng6
15. b4 Nce7 16. Bd2 Bd7 17. Be3 Bxe3 18. Rxe3 Bc6 19. Ne4 Nd5 20. Re1 Ndf4
21. d4 Bxe4 22. Rxe4 f5 23. Rxe5 Nxe5 24. Nxe5 Qe8 25. Qf3 Ng6 26. Re1 Nxe5
27. Rxe5 Qb8 28. Re7 c6 29. Bf7 b6 30. axb6 Qxb6 31. Qxf5 a5 32. Re5 h6 33.
Re6 Qd8 34. Rxh6+ gxh6 35. Qe5+ Kh7 36. Qf5+ Kh8 37. Qe5+ Kh7 38. Qf5+ Kh8
{Game drawn by repetition}
1/2-1/2

[Event "ICC tourney 1953 (60 10)"]
[Site "Internet Chess Club"]
[Date "2020.08.08"]
[Round "4"]
[White "noki101"]
[Black "MichaelIC"]
[Result "1-0"]
[ICCResult "Black resigns"]
[WhiteElo "2085"]
[BlackElo "2119"]
[Opening "Réti: King's Indian attack (Barcza system)"]
[ECO "A07"]
[NIC "QP.09"]
[Time "12:07:39"]
[TimeControl "3600+10"]

1. Nf3 d5 2. g3 Nf6 3. Bg2 c5 4. O-O Nc6 5. c4 e5 6. cxd5 Nxd5 7. Qa4 f6 8.
Nc3 Be6 9. Qb3 Ncb4 10. a3 Nc7 11. Qa4+ Bd7 12. Qd1 Nc6 13. e3 Bf5 14. d4
exd4 15. exd4 cxd4 16. Re1+ Be7 17. Nh4 Bg6 18. Ne2 Ne6 19. Nf4 Nxf4 20.
Bxf4 Qd7 21. b4 O-O 22. Nxg6 hxg6 23. Qb3+ Kh8 24. Bd5 g5 25. Be6 Qe8 26.
Bc7 a6 27. Rad1 Qg6 28. g4 Ne5 29. Bxe5 fxe5 30. Rd3 Bf6 31. Rh3+ Qh6 32.
Rxh6+ gxh6 33. Bf5 {Black resigns} 1-0

[Event "ICC tourney 1953 (60 10)"]
[Site "Internet Chess Club"]
[Date "2020.08.08"]
[Round "4"]
[White "nithin"]
[Black "Jupiter435"]
[Result "0-1"]
[ICCResult "White resigns"]
[WhiteElo "2273"]
[BlackElo "2423"]
[Opening "Catalan: closed, 5.Nf3"]
[ECO "E06"]
[NIC "CA.05"]
[Time "12:07:33"]
[TimeControl "3600+10"]

1. Nf3 Nf6 2. c4 e6 3. g3 d5 4. d4 Be7 5. Bg2 O-O 6. O-O dxc4 7. Qc2 b5 8.
a4 b4 9. Nbd2 Bb7 10. Nxc4 Nbd7 11. Bf4 Be4 12. Qd2 c5 13. dxc5 Nxc5 14.
Qxd8 Rfxd8 15. Nfe5 Bxg2 16. Kxg2 Rac8 17. Na5 Nd5 18. Nac6 Re8 19. Nxa7 Ra8
20. Nac6 Bd6 21. Nc4 Bxf4 22. gxf4 Rec8 23. N6e5 f6 24. Nd3 Nb3 25. Ne3
Nxe3+ 26. fxe3 Nxa1 27. Rxa1 b3 28. Ra3 Rab8 29. a5 Rb5 30. e4 Kf7 31. e5 f5
32. Kf3 Ra8 33. a6 Ke7 34. e4 g6 35. exf5 gxf5 36. Nc1 Rb6 37. Nxb3 Raxa6
38. Rxa6 Rxa6 39. Nc5 Rb6 40. Nd3 Kd7 41. Ke3 Kc6 42. b4 Kd5 43. h3 Kc4 44.
h4 Ra6 45. Nc5 Ra3+ 46. Kf2 Kd5 47. Kg2 Rc3 48. Nd7 Ke4 49. Nc5+ Kxf4 50.
Nxe6+ Kxe5 51. Nf8 h6 52. Nd7+ Kf4 53. b5 Rd3 54. Nf6 Ke5 55. Ng8 h5 56. Ne7
Rb3 57. Nc6+ Ke4 58. Na7 Ke3 59. Kg1 f4 60. Nc8 f3 {White resigns} 0-1

[Event "ICC tourney 1953 (60 10)"]
[Site "Internet Chess Club"]
[Date "2020.08.08"]
[Round "4"]
[White "tactics321"]
[Black "CaptK"]
[Result "0-1"]
[ICCResult "White resigns"]
[WhiteElo "2541"]
[BlackElo "2333"]
[Opening "QGD Slav: 4.e3"]
[ECO "D11"]
[NIC "SL.01"]
[Time "12:07:44"]
[TimeControl "3600+10"]

1. d4 d5 2. c4 c6 3. Nf3 Nf6 4. e3 e6 5. Bd3 Nbd7 6. b3 Bb4+ 7. Nbd2 Bc3 8.
Rb1 e5 9. cxd5 e4 10. dxc6 bxc6 11. O-O exd3 12. Nc4 Bb4 13. Qxd3 O-O 14. a3
Be7 15. Rd1 Ba6 16. e4 Rc8 17. Qc2 Re8 18. Bd2 Nb6 19. Nce5 Be2 20. Re1 Bxf3
21. Nxf3 h6 22. a4 Nbd7 23. Rbd1 Qb6 24. e5 Nh7 25. Re4 Ndf8 26. Rg4 Kh8 27.
e6 Nxe6 28. Ne5 Rf8 29. Nd7 Qb7 30. Nxf8 Rxf8 31. Qc4 Nf6 32. Rg3 Ne4 33.
Rf3 Qd7 34. Rd3 Rb8 35. Be3 Nd6 36. Qc2 Nc7 37. Rc3 Nd5 38. Rxc6 Nb4 39. Rc7
Qd8 40. Qc1 Nd5 41. Rxa7 Rc8 42. Qd2 Qb6 43. Qa5 Qxb3 44. Re1 Ne4 45. Qb5
Bb4 46. Qb7 Qc3 47. Rf1 Nxe3 48. Ra8 Rg8 49. Rxg8+ Kxg8 50. Qa8+ Bf8 51.
Qxe4 Nxf1 52. Kxf1 Qa1+ 53. Ke2 Qxa4 54. Kf3 Qb4 55. g4 Qd6 56. h4 Be7 57.
h5 Bf6 58. Qe8+ Qf8 59. Qd7 Qe7 60. Qa4 Qd8 61. Ke4 Kf8 62. Kd3 Qc8 63. f3
Qb7 64. Ke3 Ke7 65. Qa3+ Kd7 66. Qa4+ Qc6 67. Qa7+ Qc7 68. Qa4+ Kd8 69. Qa8+
Qc8 70. Qa5+ Ke8 71. Qb5+ Kf8 72. Kd3 Qa8 73. Qc5+ Be7 74. Qf5 Qa3+ 75. Ke4
Qa8+ 76. Kd3 Qa6+ 77. Ke3 Qe6+ 78. Qxe6 fxe6 79. Ke4 Kf7 80. d5 exd5+ 81.
Kxd5 Kf6 82. f4 Ba3 83. Ke4 Bc1 84. Kf3 Ke6 85. Ke4 Bd2 86. Kf3 Kd5 87. g5
hxg5 88. f5 Ke5 89. h6 gxh6 90. Kg4 Kf6 91. Kh5 Kxf5 {White resigns} 0-1

[Event "ICC tourney 1953 (60 10)"]
[Site "Internet Chess Club"]
[Date "2020.08.08"]
[Round "4"]
[White "Syringe"]
[Black "SilentFog"]
[Result "0-1"]
[ICCResult "White resigns"]
[WhiteElo "2621"]
[BlackElo "2468"]
[Opening "Grünfeld: Stockholm variation"]
[ECO "D80"]
[NIC "GI.03"]
[Time "12:07:34"]
[TimeControl "3600+10"]

1. d4 Nf6 2. c4 g6 3. Nc3 d5 4. Bg5 Ne4 5. Bh4 Nxc3 6. bxc3 dxc4 7. e3 Be6
8. Be2 Bg7 9. Nh3 f6 10. e4 Bf7 11. f4 c5 12. d5 f5 13. O-O fxe4 14. Bxc4
Bxc3 15. Qa4+ Nd7 16. d6 Bxc4 17. dxe7 Qa5 18. Qxc4 Qb4 19. Qe6 Bxa1 20. Ng5
Qd4+ 21. Kh1 Qf6 22. Qxe4 Qxe7 23. Qxb7 O-O 24. Rxa1 Rae8 25. Qb3+ Kh8 26.
Qc3+ Qg7 27. Qc1 Rxf4 28. Bg3 Rc4 29. Qf1 Rf8 30. Qd1 Rd4 31. Qe1 Qf6 32.
Nf3 Re4 33. Qd1 Nb6 34. Rc1 c4 35. h3 Rd8 36. Qc2 Rd3 37. Rf1 Qe7 38. Qb2+
Kg8 39. Qb5 Rd5 40. Qb2 Re2 41. Qb1 Qa3 42. Ng1 Re8 43. Nf3 c3 44. Rf2 Qa4
45. Kh2 Rd1 46. Qc2 Qxc2 47. Rxc2 Nd5 48. Be5 Ne3 49. Re2 Nf1+ 50. Kg1 Ng3+
{White resigns}
0-1

[Event "ICC tourney 1953 (60 10)"]
[Site "Internet Chess Club"]
[Date "2020.08.08"]
[Round "4"]
[White "londonkid"]
[Black "goodFriday"]
[Result "0-1"]
[ICCResult "White checkmated"]
[WhiteElo "2107"]
[BlackElo "2232"]
[Opening "QGD: exchange, positional line, 6.Qc2"]
[ECO "D36"]
[NIC "QO.16"]
[Time "12:07:20"]
[TimeControl "3600+10"]

1. d4 d5 2. c4 e6 3. Nc3 Nf6 4. cxd5 exd5 5. Bg5 c6 6. Qc2 Be7 7. e3 Nbd7 8.
Bd3 Nh5 9. Bxe7 Qxe7 10. Nge2 g6 11. O-O Nb6 12. Rae1 O-O 13. Ng3 Ng7 14. e4
dxe4 15. Ncxe4 Qd8 16. Qc1 f5 17. Ng5 Qxd4 18. Bc2 Qf6 19. Bb3+ Nd5 20. Nf3
Be6 21. Qh6 Kh8 22. h4 Rae8 23. h5 gxh5 24. Qxf6 Rxf6 25. Re5 Nc7 26. Rfe1
Bxb3 27. Rxe8+ Ncxe8 28. axb3 Nd6 29. Re7 Rf7 30. Re5 Kg8 31. Kh2 Rf6 32.
Re7 f4 33. Ne4 Nxe4 34. Rxe4 Ne6 35. Re5 Kg7 36. Nh4 Nd4 37. b4 Re6 38. Rg5+
Kh6 39. Rg8 Re2 40. Rd8 Ne6 41. Rg8 Ng7 42. Rb8 b6 43. Rc8 Rxb2 44. Rxc6+
Kg5 45. Nf3+ Kf5 46. Rc7 Kf6 47. Rc6+ Kf5 48. Rc7 Ne6 49. Rxa7 Rxb4 50. Rxh7
Kg6 51. Re7 Nc5 52. Re5 Nd3 53. Nh4+ Kh6 54. Re6+ Kh7 55. Re7+ Kg8 56. Re8+
Kg7 57. Nf5+ Kf6 58. Rf8+ Kg5 59. Ne7 Nxf2 60. Rg8+ Kh6 61. Rg6+ Kh7 62. Rg5
Rb1 63. g3 f3 64. Rxh5+ Kg7 65. Rg5+ Kh6 66. Rg6+ Kh7 67. g4 Ne4 68. g5 f2
69. Rh6+ Kg7 70. Nf5+ Kf8 71. g6 Rh1+ 72. Kxh1 f1=Q+ 73. Kh2 Qxf5 74. g7+
Kxg7 75. Rg6+ Qxg6 76. Kh1 Qf5 77. Kh2 Qf2+ 78. Kh1 Ng3# {White checkmated}
0-1

[Event "ICC tourney 1953 (60 10)"]
[Site "Internet Chess Club"]
[Date "2020.08.08"]
[Round "4"]
[White "creepycrawlies"]
[Black "JasonModer"]
[Result "0-1"]
[ICCResult "White resigns"]
[WhiteElo "2148"]
[BlackElo "2423"]
[Opening "QGA: 3.e4"]
[ECO "D20"]
[NIC "QG.04"]
[Time "12:07:24"]
[TimeControl "3600+10"]

1. d4 d5 2. c4 dxc4 3. e4 Nf6 4. e5 Nd5 5. Bxc4 Nc6 6. Nc3 Nb6 7. Bb5 Bd7 8.
Nf3 e6 9. O-O Ne7 10. Bg5 h6 11. Bxe7 Bxe7 12. Bd3 Bc6 13. Be4 Qd7 14. Rc1
Bxe4 15. Nxe4 O-O-O 16. Qc2 Nd5 17. a3 a6 18. b4 b6 19. Nc3 Nxc3 20. Qxc3
Kb7 21. Rfd1 Rc8 22. g3 Rhd8 23. Ne1 f5 24. Nc2 g5 25. d5 exd5 26. e6 Qxe6
27. Nd4 Qf6 28. Nc6 Rd6 29. Nxe7 Qxe7 30. Rxd5 Rf8 31. Re5 Qd7 32. Qf3+ Kb8
33. Qe2 Qa4 34. Re7 Rc8 35. Qc4 Rd1+ 36. Rxd1 Qxd1+ 37. Kg2 Qa4 38. Qc3 Qb5
39. Qe5 Qc6+ 40. f3 Qc2+ 41. Qe2 Qc1 42. Qd3 g4 43. Qxf5 Qb2+ 44. Kf1 Rd8
45. fxg4 Qxh2 46. Re1 Qh1+ 47. Kf2 Rd2+ {White resigns} 0-1

[Event "ICC tourney 1953 (60 10)"]
[Site "Internet Chess Club"]
[Date "2020.08.08"]
[Round "4"]
[White "spriteball"]
[Black "dopolian"]
[Result "0-1"]
[ICCResult "White resigns"]
[WhiteElo "2213"]
[BlackElo "2362"]
[Opening "English: symmetrical, three knights system"]
[ECO "A16"]
[NIC "EO.42"]
[Time "12:07:22"]
[TimeControl "3600+10"]

1. c4 Nf6 2. Nc3 c5 3. Nf3 d5 4. cxd5 Nxd5 5. e3 Nc6 6. a4 Ndb4 7. Bb5 a6 8.
Bxc6+ Nxc6 9. O-O Qd3 10. Ne1 Qd6 11. Nf3 Bg4 12. h3 Bh5 13. Ne4 Qd5 14. Ng3
Bxf3 15. Qxf3 Qxf3 16. gxf3 e6 17. b3 O-O-O 18. Ne4 Be7 19. Ba3 b6 20. Rfd1
Rd3 21. Kf1 f5 22. Nc3 Rhd8 23. Ke2 Na5 24. Rab1 Bf6 25. Na2 Nxb3 26. Nc1
Rxd2+ 27. Rxd2 Nxd2 28. Rxb6 Nc4 29. Bxc5 Nxb6 30. Bxb6 Rd5 31. Nd3 Kb7 32.
a5 Bd8 33. Nc5+ Rxc5 34. Bxc5 Bxa5 35. Kd3 Kc6 36. Kc4 Be1 37. e4 a5 38. Bd4
g6 39. Be3 h5 40. Bd4 a4 41. Bc5 Ba5 42. Be7 Bd2 43. Ba3 Bf4 44. Bb2 Bd6 45.
Bd4 a3 46. e5 Be7 47. f4 a2 48. f3 Bc5 49. Bb2 Be3 50. Kb3 Kd5 51. Kxa2 Bxf4
52. Kb3 Bxe5 53. Bc1 Bf6 54. Kc2 Kc4 55. Be3 Bc3 56. Bg5 e5 57. Bf6 Bd4 58.
Bg5 Bc3 59. Bf6 Ba1 60. Kd2 Kd5 61. Ke3 Bd4+ 62. Ke2 e4 63. Bg5 Be5 64. Ke3
exf3 65. Kxf3 Ke6 66. Bd2 Bf6 67. Bc1 g5 68. Be3 g4+ 69. hxg4 hxg4+ 70. Kf4
Be5+ 71. Kg5 Bg3 72. Bc1 Ke5 73. Bd2 Ke4 74. Bc1 Bc7 75. Ba3 g3 76. Bc5 f4
77. Kg4 f3 78. Kh3 Kd3 {White resigns} 0-1

[Event "ICC tourney 1953 (60 10)"]
[Site "Internet Chess Club"]
[Date "2020.08.08"]
[Round "4"]
[White "PrudentPatzer"]
[Black "helavir"]
[Result "1/2-1/2"]
[ICCResult "Game drawn because neither player has mating material"]
[WhiteElo "2201"]
[BlackElo "2638"]
[Opening "QGD: semi-Slav, Marshall gambit"]
[ECO "D31"]
[NIC "SL.06"]
[Time "12:08:13"]
[TimeControl "3600+10"]

1. d4 d5 2. c4 e6 3. Nc3 c6 4. e4 Bb4 5. cxd5 exd5 6. e5 Ne7 7. a3 Bxc3+ 8.
bxc3 c5 9. Bd3 Nbc6 10. Ne2 Bf5 11. f4 cxd4 12. cxd4 O-O 13. O-O f6 14. Bxf5
Nxf5 15. g4 Nfe7 16. Rb1 Qd7 17. f5 fxe5 18. dxe5 Nxe5 19. Nf4 Rf7 20. Qb3
Nxg4 21. Qxb7 Qxb7 22. Rxb7 Nxf5 23. Rxf7 Kxf7 24. Nxd5 g6 25. Bf4 Rd8 26.
h3 Nh2 27. Kxh2 Rxd5 28. Rc1 Rd4 29. Rc7+ Ke6 30. Bc1 Rd7 31. Rxd7 Kxd7 32.
Kg2 Ke6 33. Kf3 Kd5 34. Kg4 Ke4 35. h4 h5+ 36. Kg5 Kf3 37. Bd2 a6 38. a4 Ng3
39. Ba5 Ne4+ 40. Kxg6 Kg4 41. Bd8 Ng3 42. Kf7 Nf5 43. Ke6 Nxh4 44. Kd5 Nf3
45. Kc6 Ng5 46. a5 h4 47. Kb6 h3 48. Bc7 Ne4 49. Bh2 Nd2 50. Kxa6 Nb3 51.
Kb6 Nxa5 52. Kxa5 Kf3 53. Bb8 Kg2 54. Bc7 h2 55. Bxh2
{Game drawn because neither player has mating material}
1/2-1/2